 Dungeon Crawl Stone Soup version 0.29-a0-333-gb4c28e87c6 (webtiles) character file.

Game seed: 15499889109054151826

8 Jortsu the Skirmisher (level 2, 15/24 HPs)
             Began as a Demonspawn Fighter on Apr 13, 2022.
             Quit the game on level 1 of the Dungeon.
             The game lasted 00:00:25 (278 turns).

Jortsu the Skirmisher (Demonspawn Fighter)           Turns: 278, Time: 00:00:26

Health: 15/24      AC:  6    Str: 16    XL:     2   Next: 0%
Magic:  2/2        EV:  8    Int:  9    God:
Gold:   0          SH:  4    Dex: 12    Spells: 1/1 levels left

rFire   . . .      SeeInvis .   a - +0 war axe
rCold   . . .      Faith    .   c - +0 buckler
rNeg    . . .      Spirit   .   b - +0 scale mail
rPois   .          Reflect  .   (no helmet)
rElec   .          Harm     .   (no cloak)
rCorr   .          Rampage  .   (no gloves)
Will    .....                   (no boots)
Stlth   ..........              (no amulet)
HPRegen 0.08/turn               (no ring)
MPRegen 0.08/turn               (no ring)

@: no status effects
A: demonic touch 1
a: no special abilities


You were on level 1 of the Dungeon.
You visited 1 branch of the dungeon, and saw 1 of its levels.

Inventory:

Hand Weapons
 a - a +0 war axe (weapon)
Armour
 b - a +0 scale mail (worn)
 c - a +0 buckler (worn)
Jewellery
 e - a ring of wizardry
Potions
 d - a potion of might


   Skills:
 + Level 3.1 Fighting
 + Level 1.8 Axes
 + Level 2.9 Armour
 + Level 2.8 Shields


You had one spell level left.
You didn't know any spells.
Your spell library contained the following spells:

 Spells                   Type           Power      Damage    Failure   Level
 Sublimation of Blood     Necr           0%         N/A       96%         2
 Petrify                  Tmut/Erth      0%         N/A       100%        4
 Irradiate                Conj/Tmut      0%         3d13      100%        5


Dungeon Overview and Level Annotations

Branches:
Dungeon (1/15)

Altars:

Shops:
D:1 *

Annotations:
D:1 2 transporters


Innate Abilities, Weirdness & Mutations

Your touch may inflict minor irresistible damage on your foes.


Message History

The giant cockroach bites you but does no damage.
You hit the giant cockroach.
The giant cockroach is heavily wounded.
The giant cockroach bites you but does no damage.
You block the giant cockroach's attack.
You hit the giant cockroach.
You kill the giant cockroach!
Found Cagg's Assorted Antiques.
A goblin comes into view. It is wielding a +0 dagger.
The goblin shouts!
A bat comes into view.
The goblin hits you with a +0 dagger.
You closely miss the goblin. The goblin hits you but does no damage.
The bat barely misses you.
You barely miss the goblin. You hit the bat. You block the bat's attack.
The goblin hits you but does no damage. The bat barely misses you.
The goblin hits you but does no damage. The bat hits you but does no damage.
You barely miss the goblin. You closely miss the bat.
You block the bat's attack. The goblin completely misses you.
You closely miss the goblin. You block the bat's attack.
The bat hits you but does no damage. The goblin closely misses you.
The goblin hits you with a +0 dagger.
You closely miss the goblin. You closely miss the bat.
The bat closely misses you. The goblin hits you but does no damage.
You closely miss the goblin. The bat barely misses you.
The goblin hits you with a +0 dagger. You block the goblin's attack.
You hit the goblin but do no damage. You barely miss the bat.
The bat barely misses you. The goblin hits you but does no damage.
The goblin attacks as you move away! The goblin hits you with a +0 dagger.
You block the bat's attack. The goblin attacks as you move away!
The goblin hits you but does no damage. The bat hits you but does no damage. x2
The goblin attacks as you move away! The goblin hits you but does no damage.
The bat hits you.
You slash the bat!
You kill the bat!
You have reached level 2!
Your demonic ancestry asserts itself...
Your hands begin to faintly glow with unholy energy.
Are you sure you want to abandon this character and quit the game? (Confirm with "yes".)

≈≈ . .....### .
≈≈ ..
###..####.# ≈≈
...#####.......
≈≈
........∩......
≈#
.........#####
.#
.....##..##.#.
#
...####..##....
####g# #.#.
#@###.#
#.#.##.#
##.###.#.# #.#
##..#
##.###.###
#.#.## #.## #.#
#.#


You could see a goblin.

Vanquished Creatures
  A ball python (D:1)
  2 bats (D:1)
  A giant cockroach (D:1)
  2 goblins (D:1)
  A kobold (D:1)
7 creatures vanquished.

Notes
Turn   | Place    | Note
-------+----------+-------------------------------------------
     0 | D:1      | Jortsu the Demonspawn Fighter began the quest for the Orb.
     0 | D:1      | Reached XP level 1. HP: 18/18 MP: 1/1
   262 | D:1      | Found Cagg's Assorted Antiques.
   278 | D:1      | Gained mutation: Your touch may inflict minor irresistible
                  | damage on your foes. [demonic ancestry]
   278 | D:1      | Reached XP level 2. HP: 15/24 MP: 2/2
   278 | D:1      | Quit the game

Illustrated notes

Levels and vault maps discovered:
D:1:      spicycebolla_arrival_teleporter_tutorial, layout_loops_ring,
          serial_shops, nicolae_square_shop

Action                   || total
-------------------------++-------
Melee: War axe           ||    26
Armor: Scale mail        ||    27
Dodge: Dodged            ||    18
Block: Buckler           ||    10

Table legend: (Time is in decaauts)
 A = Elapsed time spent in this place.
 B = Non-inter-level travel time spent in this place.
 C = Inter-level travel time spent in this place.
 D = Time resting spent in this place.
 E = Time spent auto-exploring this place.
 F = Levels seen in this place.
 G = Mean time per level.
                   A        B        C        D        E       F      G
               +--------+--------+--------+--------+--------+-----+--------+
         Total |    289 |    289 |      0 |      0 |    211 |   1 |  289.0 |
       Dungeon |    289 |    289 |      0 |      0 |    211 |   1 |  289.0 |
               +--------+--------+--------+--------+--------+-----+--------+

Top non-repeatable levels by time:
     D:1: 289 daAuts
